 Dungeon Crawl Stone Soup version 0.30-a0-451-ge042605de7 (webtiles) character file.

Game seed: 16734136309108809596

408 p00ps00p the Trooper (level 6, -2/56 HPs)
             Began as a Hill Orc Fighter on Dec 11, 2022.
             Slain by an ogre
             ... wielding a +0 giant spiked club
              (29 damage)
             ... on level 5 of the Dungeon.
             The game lasted 00:04:30 (3311 turns).

p00ps00p the Trooper (Hill Orc Fighter)             Turns: 3311, Time: 00:04:31

Health: -2/56      AC:  9    Str: 21    XL:     6   Next: 88%
Magic:  6/6        EV:  7    Int:  8    God:
Gold:   202        SH:  5    Dex: 16    Spells: 5/5 levels left

rFire   . . .      SeeInvis .    a - +1 war axe
rCold   . . .      Faith    .    c - +0 buckler
rNeg    . . .      Spirit   .    i - +0 chain mail
rPois   .          Reflect  .    (no helmet)
rElec   .          Harm     .    (no cloak)
rCorr   .          Rampage  .    (no gloves)
Will    .....                    (no boots)
Stlth   ..........               (no amulet)
HPRegen 0.29/turn                o - +6 ring of dexterity
MPRegen 0.10/turn                (no ring)

@: no status effects
A: no striking features
a: no special abilities


You were on level 5 of the Dungeon.
You visited 1 branch of the dungeon, and saw 5 of its levels.

You collected 202 gold pieces.

Inventory:

Hand Weapons
 a - a +1 war axe (weapon)
Armour
 b - a +0 scale mail
 c - a +0 buckler (worn)
 i - a +0 chain mail (worn)
Jewellery
 o - a +6 ring of dexterity (left hand)
Wands
 h - a wand of polymorph (8)
 n - a wand of flame (18)
Scrolls
 m - 2 scrolls of identify {unknown}
 p - a scroll of teleportation {unknown}
 r - a scroll of amnesia {unknown}
 s - 2 scrolls of fog {unknown}
 t - a scroll of enchant armour {unknown}
 u - a scroll of poison {unknown}
 v - a scroll of enchant weapon
Potions
 d - a potion of might
 e - 2 potions of lignification {unknown}
 f - a potion of magic {unknown}
 g - 2 potions of brilliance {unknown}
 j - a potion of haste {unknown}
 k - a potion of degeneration {unknown}
 l - a potion of heal wounds {unknown}
 q - a potion of attraction {unknown}


   Skills:
 + Level 5.4 Fighting
 + Level 5.1 Axes
 + Level 5.0 Armour
 + Level 4.9 Shields


You had 5 spell levels left.
You didn't know any spells.
Your spell library contained the following spells:

 Spells                   Type           Power      Damage    Failure   Level
 Cause Fear               Hex            0%         N/A       100%        4
 Dragon Form              Tmut           0%         N/A       100%        7
 Dragon's Call            Summ           0%         N/A       100%        9


Dungeon Overview and Level Annotations

Branches:
Dungeon (5/15)
 Temple: D:4-7

Altars:

Shops:
D:1 *   D:4 :


Message History

You slash the black bear!
The black bear is severely wounded.
The black bear bites you.
The black bear claws you but does no damage. x2
You hit the black bear.
The black bear is almost dead.
The black bear goes berserk!
You slash the black bear!
You kill the black bear!
Your Axes skill increases to level 5!
Your Armour skill increases to level 5!
Unknown command.
You feel a little less mighty now.
Done exploring.
Done exploring.
Done exploring.
Done exploring.
Done exploring.
Done exploring.
(D) Dungeon
Where to? (Enter - D:4, ? - help)
There is a stone staircase leading down here.
You climb downwards.
There is a stone staircase leading up here.
You're already wearing that ring!
Found a stone staircase leading down.
An ogre comes into view. It is wielding a +0 giant spiked club.
The ogre moves out of view.
An ogre is nearby!
Found a ring mail.
The ogre hits you with a +0 giant spiked club!!
You hit the ogre.
The ogre is lightly wounded.
You closely miss the ogre.
The ogre is lightly wounded.
The ogre hits you with a +0 giant spiked club.
You hit the ogre.
The ogre is lightly wounded.
The ogre hits you with a +0 giant spiked club!!
Ouch! That really hurt!
You die...

###.####..#.#
...........####
#.#####.##..........
.........>....#.####
#..............
###..##.#........ .
##....##.##.#.###.
....###..##.##.##.#.#
#.
...[...@....##.##.#.#
#.
....###O###.##.##.#.#
#. .. #.# #..........
.. ..# ####.###### #.
.### #.# #. .. ... ..
#..


You could see an ogre.

Vanquished Creatures
  2 black bears (D:4)
  A scorpion (D:4)
  An orc priest (D:3)
  An iguana (D:4)
  2 adders (D:4)
  A worm (D:3)
  3 dart slugs
  12 orcs (D:3)
  9 endoplasms
  A giant cockroach (D:4)
  8 goblins
  8 hobgoblins
  5 jackals (D:4)
  3 quokkas
  5 ball pythons
  3 bats
  5 frilled lizards
  8 kobolds
  5 rats
83 creatures vanquished.

Notes
Turn   | Place    | Note
-------+----------+-------------------------------------------
     0 | D:1      | p00ps00p the Hill Orc Fighter began the quest for the Orb.
     0 | D:1      | Reached XP level 1. HP: 19/19 MP: 1/1
    62 | D:1      | Found Idashrics's General Store.
    80 | D:1      | Reached XP level 2. HP: 27/27 MP: 2/2
   284 | D:1      | Reached XP level 3. HP: 33/33 MP: 3/3
  1823 | D:3      | Reached XP level 4. HP: 40/40 MP: 4/4
  2330 | D:3      | Reached XP level 5. HP: 34/47 MP: 5/5
  2684 | D:4      | Found Heqelaewof's Book Boutique.
  3063 | D:4      | Noticed a black bear
  3067 | D:4      | Killed a black bear
  3068 | D:4      | Reached skill level 5 in Fighting
  3068 | D:4      | Reached XP level 6. HP: 41/56 MP: 6/6
  3171 | D:4      | Noticed a black bear
  3183 | D:4      | Killed a black bear
  3184 | D:4      | Reached skill level 5 in Axes
  3184 | D:4      | Reached skill level 5 in Armour
  3281 | D:5      | Entered Level 5 of the Dungeon
  3311 | D:5      | Slain by an ogre

Illustrated notes

Levels and vault maps discovered:
D:1:      lemuel_arrival_broad_hall, layout_loops_ring, serial_shops,
          nicolae_shop_hallway_plus, minmay_tree_intersection
D:2:      layout_loops_ring, minmay_door_square, kennysheep_generic_room_5
D:3:      layout_loops_ring
D:4:      layout_rooms, serial_shops, nicolae_diamond_shop, nicolae_titane
D:5:      layout_basic, gammafunk_ghost_stat_death, uniq_eustachio

Skill      XL: |  1  2  3  4  5  6 |
---------------+-------------------+-----
Axes           | 3 4 5 |  5.1
Fighting       | 4 5 |  5.4
Armour         | 4 5 |  5.0
Shields        | 4 |  4.9

Action                   |  1- 3 |  4- 6 || total
-------------------------+-------+-------++-------
Melee: War axe           |    94 |   107 ||   201
  Use: Scroll            |     5 |       ||     5
       Potion            |       |     1 ||     1
Armor: Scale mail        |    24 |       ||    24
       Chain mail        |    37 |    77 ||   114
Dodge: Dodged            |    51 |    52 ||   103
Block: Buckler           |    32 |    30 ||    62

Table legend: (Time is in decaauts)
 A = Elapsed time spent in this place.
 B = Non-inter-level travel time spent in this place.
 C = Inter-level travel time spent in this place.
 D = Time resting spent in this place.
 E = Time spent auto-exploring this place.
 F = Levels seen in this place.
 G = Mean time per level.
                   A        B        C        D        E       F      G
               +--------+--------+--------+--------+--------+-----+--------+
         Total |   3380 |   3228 |    152 |      0 |   2488 |   5 |  676.0 |
       Dungeon |   3380 |   3228 |    152 |      0 |   2488 |   5 |  676.0 |
               +--------+--------+--------+--------+--------+-----+--------+

Top non-repeatable levels by time:
     D:3: 982 daAuts
     D:1: 872 daAuts
     D:2: 856 daAuts
     D:4: 638 daAuts
     D:5: 30 daAuts
